AoeStats
← AOKI_Shogi

MegaRandom

509206393Analyzed
4v4 RM · 7d ago on Sep 25, 2026· 22m 17s· 8 players
Game mode
Random Map
Map size
Large (8 player)
Population
200
Speed
Normal
Resources
Standard
Victory
Conquest
Starting age
Dark Age
Ending age
Imperial Age
RankedLock teamsTeams togetherTeam positionsShared explorationLock speedFull tech treeHidden civsTurbo modeCheats
Victory
Defeat
🇫🇮 Dravidians · Finland
1647
+14
🇦🇷 Tatars · Argentina
1567
+18
🇲🇽 Shu · Mexico
1550
+18
🇹🇷 Franks · Türkiye
1534
+19
🇫🇷 Georgians · France
1759
-23
🇲🇦 Inca · Morocco
1687
-21
🇫🇷 Maya · France
1574
-16
🇫🇷 Teutons · France
1398
-9
robecha18
4:56 Loom
8:21 Loom
10:44 Feudal Age
13:07 Double-Bit Axe
14:53 Fletching
15:03 Padded Archer Armor
14:50 Horse Collar
17:12 Gold Mining
23:59 Castle Age
DS_Moai
5:58 Loom
9:00 Feudal Age
9:34 Double-Bit Axe
12:46 Fletching
21:40 Castle Age
21:00 Horse Collar
21:21 Gold Mining
21:46 Crossbowman
22:27 Bodkin Arrow
Allison
6:28 Loom
9:28 Feudal Age
10:38 Double-Bit Axe
18:23 Scale Barding Armor
19:00 Town Watch
19:43 Forging
23:40 Castle Age
Sunset
6:43 Loom
9:44 Feudal Age
11:51 Double-Bit Axe
14:15 Fletching
Nux
0:28 Loom
10:13 Feudal Age
15:46 Fletching
17:40 Padded Archer Armor
-2n+2q
8:55 Feudal Age
9:35 Double-Bit Axe
9:51 Horse Collar
11:18 Loom
19:17 Bloodlines
20:25 Scale Barding Armor
Skrillll
6:57 Loom
8:47 Feudal Age
8:11 Loom
9:23 Double-Bit Axe
9:31 Horse Collar
10:41 Champi Runner
17:11 Scale Mail Armor
AOKI_Shogi
6:48 Loom
9:11 Feudal Age
10:09 Double-Bit Axe
12:39 Fletching
Connection lost

Rejoining the realm…

Still unreachable

The connection could not be restored.

Session expired

The server has moved on; the page needs a fresh start.